 Dungeon Crawl Stone Soup version 0.26-a0-851-g735459dd53 (webtiles) character file.

Game seed: 15937403531966746476

480 James the Insei (level 7, -2/45 HPs)
             Began as an Octopode Transmuter on Nov 21, 2020.
             Was a Follower of Okawaru.
             Slain by a centaur zombie (4 damage)
             ... in an ossuary.
             The game lasted 00:19:18 (3714 turns).

James the Insei (Octopode Transmuter)               Turns: 3714, Time: 00:19:19

Health: -2/45      AC:  1    Str: 10    XL:     7   Next: 12%
Magic:  9/10       EV: 14    Int: 17    God:    Okawaru [*.....]
Gold:   228        SH:  0    Dex: 12    Spells: 4/10 levels left

rFire    . . .     SeeInvis .     - Unarmed
rCold    . . .     Faith    .   (no shield)
rNeg     . . .     Spirit   .   (helmet currently unavailable)
rPois    +         Reflect  .   (no amulet)
rElec    .         Harm     .   f - ring of poison resistance
rCorr    .         Rampage  .   (no ring)
MR       .....                  (no ring)
Stlth    ++........             (no ring)
HPRegen  0.15/turn              (no ring)
MPRegen  0.12/turn              (no ring)
                                (no ring)
                                (no ring)

@: appendages (expiring), marked, wereblooded, attractive
A: almost no armour, stealthy swim, amphibious, 8 rings, constrict 8, tentacle
spike 3, camouflage 1, gelatinous body 1
a: End Transformation, Heroism, Renounce Religion


You were in an ossuary.
You worshipped Okawaru.
Okawaru was aware of your devotion.
One of your tentacles had a temporary spike.
You visited 1 branch of the dungeon, and saw 4 of its levels.
You also visited: Ossuary.

You collected 228 gold pieces.

Inventory:

Hand Weapons
 b - a +0 hunting sling
   (You took it off a goblin on level 3 of the Dungeon)
 j - a +1 dagger of protection
   (You took it off a goblin on level 3 of the Dungeon)
Missiles
 c - 38 poisoned darts (quivered)
 h - 30 sling bullets
 i - 25 stones
 n - 10 bolts
 o - 48 arrows
 q - 3 boomerangs
Armour
 g - a +0 hat (melded)
   (You found it on level 3 of the Dungeon)
Jewellery
 f - a ring of poison resistance (left tentacle)
   (You found it on level 3 of the Dungeon)
 s - an uncursed ring of ice {unknown}
   (You found it on level 4 of the Dungeon)
Scrolls
 a - a scroll of identify {@r1}
 d - a scroll of magic mapping
 e - a scroll of remove curse {@r2}
Potions
 k - a potion of invisibility {unknown}
 l - a potion of brilliance
 p - a potion of mutation {unknown}
 r - a potion of cancellation


   Skills:
 + Level 2.9 Fighting
 + Level 3.4 Dodging
 * Level 4.7 Unarmed Combat
 - Level 2.0 Spellcasting
 + Level 4.0 Transmutations
 * Level 3.2 Poison Magic


You had 4 spell levels left.
You knew the following spells:

 Your Spells              Type           Power        Failure   Level
a - Beastly Appendage     Tmut           ###...       3%          1
b - Wereblood             Tmut           ###.....     5%          2
x - Spider Form           Tmut/Pois      ##........   13%         3

Your spell library contained the following spells:

 Spells                   Type           Power        Failure   Level
 Ice Form                 Ice/Tmut       #.......     63%         4
 Blade Hands              Tmut           ###.......   71%         5


Dungeon Overview and Level Annotations

Branches:
Dungeon (4/15)            Ossuary (1/1)
 Temple: D:4-7

Altars:
Dithmenos
Elyvilon
Fedhas
Okawaru
The Shining One


Innate Abilities, Weirdness & Mutations

You cannot wear most types of armour.
You are very stealthy in the water. (Stealth+)
You are amphibious.
You can wear up to eight rings at the same time.
You can use your tentacles to constrict eight enemies at once.
Your skin changes colour to match your surroundings (Stealth+).
Your rubbery body absorbs attacks. (AC +1, EV +1)
One of your tentacles bears a large vicious spike.


Message History

You barely miss the goblin zombie. You grab the goblin zombie.
You constrict the elf zombie. You constrict the goblin zombie.
The goblin zombie hits you.
* * * LOW HITPOINT WARNING * * *
An orc zombie comes into view.
The centaur zombie closely misses you.
You barely miss the elf zombie. You constrict the elf zombie.
You constrict the goblin zombie. The elf zombie barely misses you.
The centaur zombie hits you.
* * * LOW HITPOINT WARNING * * *
The goblin zombie barely misses you.
Okay, then.
Unknown command.
Unknown command.
Unknown command.
Unknown command.
You tentacle-slap the elf zombie but do no damage.
Your tentacle spike misses the elf zombie.
You squeeze the elf zombie! You constrict the elf zombie.
You constrict the goblin zombie. The centaur zombie barely misses you.
The elf zombie misses you.
A human zombie comes into view.
Unknown command.
You tentacle-slap the elf zombie. You constrict the elf zombie.
You constrict the goblin zombie.
You destroy the goblin zombie!
Okawaru accepts your kill. The centaur zombie misses you.
Unknown command.
You bludgeon the elf zombie!
You pierce the elf zombie.
You howl as the wereblood boils in your veins!
You constrict the elf zombie. The centaur zombie barely misses you.
The elf zombie hits you.
* * * LOW HITPOINT WARNING * * *
An orc zombie comes into view.
You tentacle-slap the elf zombie.
You pierce the elf zombie!
You constrict the elf zombie. The centaur zombie closely misses you.
The hobgoblin zombie hits you.
* * * LOW HITPOINT WARNING * * *
The elf zombie hits you.
* * * LOW HITPOINT WARNING * * *
It was a potion of attraction.
You feel attractive to monsters.
The orc zombie is pulled toward you! x2; The human zombie is pulled toward you!
You constrict the elf zombie.
You destroy the elf zombie!
Okawaru accepts your kill.
You can now gain great but temporary skills.
The centaur zombie hits you.
You die...

# .... #...# #
#^^# #...# # #..#
#...# # #Z.# #...#
######.(######...#
.......Z(((......#
.....8..8(.(ZZ.ZZ#
.............ZZZ.#
.............ZMZ@#
##################


You could see a mummy, a goblin zombie, 2 hobgoblin zombies, a kobold zombie, a
big kobold zombie, 2 orc zombies, a centaur zombie and a human zombie.

Vanquished Creatures
  Sigmund (D:3)
  An elf zombie (Ossuary)
  A human zombie (Ossuary)
  2 orc priests
  3 orc wizards
  Terence (D:2)
  Robin (D:3)
  4 adders
  An ooze (D:2)
  An adder skeleton (D:4)
  2 dart slugs
  A leopard gecko (D:3)
  3 orcs (D:3)
  5 bats
  3 giant cockroaches
  18 goblins
  7 hobgoblins
  2 ball pythons (D:3)
  A goblin zombie (Ossuary)
  7 hobgoblin zombies (Ossuary)
  6 kobolds
  3 kobold zombies (Ossuary)
  11 orc zombies (Ossuary)
  4 rats
  A rat zombie (Ossuary)
90 creatures vanquished.

Notes
Turn   | Place    | Note
-------+----------+-------------------------------------------
     0 | D:1      | James the Octopode Transmuter began the quest for the Orb.
     0 | D:1      | Reached XP level 1. HP: 13/13 MP: 3/3
   226 | D:1      | Reached XP level 2. HP: 13/18 MP: 3/5
   230 | D:1      | Learned a level 2 spell: Wereblood
   598 | D:2      | Noticed Terence
   705 | D:2      | Reached XP level 3. HP: 23/23 MP: 4/6
   837 | D:2      | You fall into a shaft and drop 1 floor!
   839 | D:3      | Noticed Robin
   870 | D:3      | Reached XP level 4. HP: 14/29 MP: 4/7
   876 | D:3      | Killed Robin
  1096 | D:2      | Learned a level 3 spell: Spider Form
  1379 | D:2      | Killed Terence
  1380 | D:2      | Reached XP level 5. HP: 26/34 MP: 8/8
  1624 | D:3      | Found a shadowy altar of Dithmenos.
  1631 | D:3      | Found a glowing golden altar of the Shining One.
  1631 | D:3      | Found an iron altar of Okawaru.
  1633 | D:3      | Found a white marble altar of Elyvilon.
  1635 | D:3      | Found a blossoming altar of Fedhas.
  1639 | D:3      | Became a worshipper of Warmaster Okawaru
  1781 | D:3      | Reached skill level 1 in Poison Magic
  2118 | D:3      | Noticed Sigmund
  2582 | D:3      | Killed Sigmund
  2583 | D:3      | Reached XP level 6. HP: 14/41 MP: 7/9
  3381 | D:4      | Reached XP level 7. HP: 36/45 MP: 10/10
  3389 | D:4      | Found a sand-covered staircase.
  3393 | Ossuary  | Entered an ossuary
  3713 | Ossuary  | HP: 2/45 [elf zombie (4)]
  3714 | Ossuary  | Reached * piety under Okawaru
  3714 | Ossuary  | Slain by a centaur zombie

Illustrated notes

Levels and vault maps discovered:
D:1:      lightli_arrival_lavapool, layout_rooms
D:2:      layout_basic, grunt_ministairs_2, uniq_terence
D:3:      layout_basic, minitemple, serial_glass, glass_columns_a,
          glass_columns_c, st_stairs_2, hangedman_abyss_or_decor_lesser_grid,
          uniq_robin, uniq_sigmund
D:4:      layout_rooms, general_overflow_altar, serial_shops, shop,
          nicolae_ossuary_entry_plus
Ossuary:  ossuary_tomb_1

Skill      XL: |  1  2  3  4  5  6  7 |
---------------+----------------------+-----
Transmutations | 3 4 |  4.0
Fighting       | 2 |  2.9
Unarmed Combat | 4 |  4.7
Poison Magic   | 2 3 |  3.2
Dodging        | 3 |  3.4
Spellcasting   | |  2.0

Action                   |  1- 3 |  4- 6 |  7- 9 || total
-------------------------+-------+-------+-------++-------
Melee: Unarmed           |    63 |    88 |    18 ||   169
       Kick              |    15 |    20 |     5 ||    40
       Constrict         |    20 |    21 |     6 ||    47
       Tentacles         |    13 |    11 |     3 ||    27
       Punch             |       |     3 |       ||     3
 Fire: Hunting sling     |       |       |    69 ||    69
Throw: Dart              |       |     4 |       ||     4
 Cast: Beastly Appendage |    10 |    10 |     1 ||    21
       Wereblood         |     1 |     2 |     1 ||     4
  Use: Scroll            |       |     5 |       ||     5
       Potion            |       |     3 |     1 ||     4
 Stab: Sleeping          |     1 |     1 |       ||     2
       Distracted        |     1 |       |       ||     1
Armor: Skin              |     4 |     8 |       ||    12
Dodge: Dodged            |    38 |    49 |    21 ||   108

Table legend: (Time is in decaauts)
 A = Elapsed time spent in this place.
 B = Non-inter-level travel time spent in this place.
 C = Inter-level travel time spent in this place.
 D = Time resting spent in this place.
 E = Time spent auto-exploring this place.
 F = Levels seen in this place.
 G = Mean time per level.
                   A        B        C        D        E       F      G
               +--------+--------+--------+--------+--------+-----+--------+
         Total |   3715 |   3379 |    336 |    928 |   1160 |   5 |  743.0 |
       Dungeon |   3387 |   3051 |    336 |    886 |   1126 |   4 |  846.8 |
       Ossuary |    328 |    328 |      0 |     42 |     34 |   1 |  328.0 |
               +--------+--------+--------+--------+--------+-----+--------+

Top non-repeatable levels by time:
     D:3: 1817 daAuts
     D:2: 907 daAuts
     D:1: 611 daAuts
 Ossuary: 328 daAuts
     D:4: 51 daAuts
